 Dungeon Crawl Stone Soup version 0.28-a0-1415-g7c84da036a (webtiles) character file.

Game seed: 2471630164648207990

36 Shayle the Ducker (level 3, 0/36 HPs)
             Began as an Ogre Warper on Jan 7, 2022.
             Slain by Sigmund (3 damage)
             ... on level 2 of the Dungeon.
             The game lasted 00:03:59 (1783 turns).

Shayle the Ducker (Ogre Warper)                     Turns: 1783, Time: 00:03:59

Health: 0/36       AC:  3    Str: 23    XL:     3   Next: 37%
Magic:  6/6        EV: 10    Int: 14    God:
Gold:   53         SH:  0    Dex:  8    Spells: 6/6 levels left

rFire   . . .      SeeInvis .     - Unarmed
rCold   . . .      Faith    .   (no shield)
rNeg    . . .      Spirit   .   a - +0 robe
rPois   .          Reflect  .   (helmet restricted)
rElec   .          Harm     .   h - scarf {shadows}
rCorr   .          Rampage  .   (gloves unavailable)
Will    .....                   (boots unavailable)
Stlth   +.........              (no amulet)
HPRegen 0.12/turn               j - +6 ring of strength
MPRegen 0.10/turn               (no ring)

@: lethally poisoned (0 -> -2), about to teleport, on berserk cooldown, slowed,
very slow
A: large, unfitting armour, tough skin 1
a: no special abilities


You were on level 2 of the Dungeon.
You visited 1 branch of the dungeon, and saw 2 of its levels.

You collected 53 gold pieces.

Inventory:

Missiles
 c - a boomerang of dispersal (quivered)
Armour
 a - a +0 robe (worn)
 h - a scarf of shadows (worn)
Jewellery
 j - a +6 ring of strength (left hand)


   Skills:
 - Level 2.6 Fighting
 - Level 1.0 Throwing
 + Level 2.9 Dodging
 + Level 2.6 Unarmed Combat
 - Level 2.4 Spellcasting
 - Level 2.6 Translocations


You had 6 spell levels left.
You didn't know any spells.
Your spell library contained the following spells:

 Spells                   Type           Power      Damage    Failure   Level
 Blink                    Tloc           18%        N/A       12%         2
 Gell's Gravitas          Tloc           9%         N/A       22%         3
 Lesser Beckoning         Tloc           9%         N/A       22%         3
 Teleport Other           Tloc           9%         N/A       22%         3
 Manifold Assault         Tloc           9%         N/A       91%         5


Dungeon Overview and Level Annotations

Branches:
Dungeon (2/15)

Altars:

Annotations:
D:2 Sigmund


Innate Abilities, Weirdness & Mutations

You are too large for most types of armour.
You have tough skin. (AC +1)


Message History

Sigmund gestures at you while chanting.
You are confused.
You bump into the rock wall.
The adder barely misses you.
It was a potion of berserk rage.
A red film seems to cover your vision as you go berserk!
You feel yourself moving faster!
You feel mighty! The adder barely misses you. Sigmund completely misses you.
The adder bites you.
You're too confused to move!
You feel a strong urge to attack something.
You feel your anger nearly subside.
You are no longer berserk.
You are exhausted.
You feel yourself slow down. The adder closely misses you.
Sigmund hits you with a +0 scythe! The adder bites you but does no damage.
The adder misses you. Sigmund closely misses you.
You closely miss the adder.
You feel less confused. The adder barely misses you.
The adder bites you but does no damage. Sigmund barely misses you.
As you read the scroll labelled SEARIA WAMIADI, it crumbles to dust.
It is a scroll of enchant weapon.
You aren't carrying any weapons that can be enchanted.
The adder bites you but does no damage. The adder bites you.
You are poisoned.
The adder poisons you! Sigmund closely misses you.
You feel sick. The adder barely misses you.
As you read the scroll labelled GISILE SOECLOD, it crumbles to dust.
You hear a loud clanging noise!
It was a scroll of noise.
You feel sick.
You hear an angry hiss.
You hear a shout!
You hear an angry hiss.
The adder barely misses you.
Sigmund hits you from afar with a +0 scythe!
* * * LOW HITPOINT WARNING * * *
The adder barely misses you.
As you read the scroll labelled DUNKENNUEMUKK, it crumbles to dust.
You feel strangely unstable.
It was a scroll of teleportation.
You feel sick. The adder bites you.
* * * LOW HITPOINT WARNING * * *
Sigmund hits you from afar with a +0 scythe.
You die...

.### ## .... ###.
ยง..##..####....
).#..........#
.............#
#..........#
###...........
#.....@.#######
#######S@.....#
######.......# .
####............#
#..####....############
#.......####
#####.#.<..#
#####.####.....
##SS...# #### #..#####


You could see Sigmund and an adder.

Vanquished Creatures
  An adder (D:1)
  4 endoplasms
  3 giant cockroaches (D:1)
  5 goblins (D:1)
  2 hobgoblins (D:1)
  3 quokkas (D:1)
  2 ball pythons
  A bat (D:1)
  A frilled lizard (D:1)
22 creatures vanquished.

Vanquished Creatures (others)
  A goblin (D:2)
1 creature vanquished.

Grand Total: 23 creatures vanquished

Notes
Turn   | Place    | Note
-------+----------+-------------------------------------------
     0 | D:1      | Shayle the Ogre Warper began the quest for the Orb.
     0 | D:1      | Reached XP level 1. HP: 22/22 MP: 3/3
   281 | D:1      | Reached XP level 2. HP: 20/29 MP: 5/5
   967 | D:1      | Reached XP level 3. HP: 36/36 MP: 6/6
  1769 | D:2      | Noticed Sigmund
  1783 | D:2      | Slain by Sigmund

Illustrated notes

Levels and vault maps discovered:
D:1:      psy_arrival_radial02, layout_loops_ring, serial_rivers,
          chequers_serial_rivers_large_b, chequers_serial_rivers_micro_b,
          chequers_serial_rivers_large_a, chequers_serial_rivers_micro_e,
          chequers_serial_rivers_small_3, minmay_tromino_i4
D:2:      layout_rooms, lemuel_flame_loot_1, uniq_sigmund

Skill      XL: |  1 |
---------------+----+-----
Unarmed Combat | 2 |  2.6
Fighting       | |  2.6
Throwing       | |  1.0
Dodging        | |  2.9
Spellcasting   | |  2.4
Translocations | |  2.6

Action                   || total
-------------------------++-------
Melee: Unarmed           ||    95
       Punch             ||     6
Throw: Boomerang         ||     4
  Use: Scroll            ||     4
       Potion            ||     2
 Stab: Sleeping          ||     1
Armor: Robe              ||    30
Dodge: Dodged            ||    63

Table legend: (Time is in decaauts)
 A = Elapsed time spent in this place.
 B = Non-inter-level travel time spent in this place.
 C = Inter-level travel time spent in this place.
 D = Time resting spent in this place.
 E = Time spent auto-exploring this place.
 F = Levels seen in this place.
 G = Mean time per level.
                   A        B        C        D        E       F      G
               +--------+--------+--------+--------+--------+-----+--------+
         Total |   1852 |   1794 |     58 |    312 |   1223 |   2 |  926.0 |
       Dungeon |   1852 |   1794 |     58 |    312 |   1223 |   2 |  926.0 |
               +--------+--------+--------+--------+--------+-----+--------+

Top non-repeatable levels by time:
     D:1: 1790 daAuts
     D:2: 62 daAuts
